 Dungeon Crawl Stone Soup version 0.19.0-19-g8c6edcc (webtiles) character file.

33019 Monkfish the Unseen (level 14, -9/88 HPs)
             Began as a Kobold Berserker on Nov 13, 2016.
             Was a High Priest of Trog.
             Mangled by a wyvern (11 damage)
             ... while paralysed
             ... on level 6 of the Lair of Beasts.
             The game lasted 00:29:04 (16298 turns).

Monkfish the Unseen (Kobold Berserker)             Turns: 16298, Time: 00:29:05

Health: -9/88      AC:  9    Str: 20    XL:     14   Next: 5%
Magic:  14/14      EV:  3    Int:  8    God:    Trog [*****.]
Gold:   1368       SH:  0    Dex: 14    Spells: 0 memorised, 13 levels left

rFire  + + .     SeeInvis .     I - +3 dagger of the Hills {drain, *Drain *Slow rF+ MR++}
rCold  . . .     Gourm    .     k - +0 leather armour
rNeg   . . .     Faith    .     v - +0 buckler
rPois  .         Spirit   .     O - +0 helmet
rElec  .         Reflect  .     h - +0 cloak
rCorr  .         Harm     .     H - +1 pair of gloves
MR     +++..                    B - +1 pair of boots
Stlth  +++++++...               N - amulet of regeneration
                                (no ring)
                                e - ring of protection from fire

@: paralysed, lethally poisoned (-9 -> -17), exhausted, slowed
A: carnivore 3
a: Berserk, Trog's Hand, Brothers in Arms, Burn Spellbooks, Renounce Religion


You were on level 6 of the Lair of Beasts.
You worshipped Trog.
Trog was extremely pleased with you.
You were not hungry.

You visited 2 branches of the dungeon, and saw 18 of its levels.
You also visited: Ossuary.

You collected 1368 gold pieces.

Inventory:

Hand Weapons
 d - a +4 dagger of venom
 j - a +0 dagger of electrocution
 l - a +1 vampiric short sword
 p - a +1 dagger of holy wrath
 G - a +0 falchion of flaming
 I - the +3 dagger of the Hills (weapon) {drain, *Drain *Slow rF+ MR++}
   (Trog gifted it to you on level 1 of the Lair of Beasts)

   A truly terrible weapon, it drains the life of those it strikes.
   It protects you from fire.
   It affects your resistance to hostile enchantments.
   It causes draining when unequipped.
   It may slow you when you take damage.
Armour
 h - a +0 cloak (worn)
 k - a +0 leather armour (worn)
 v - a +0 buckler (worn)
 B - a +1 pair of boots (worn)
 H - a +1 pair of gloves (worn)
 O - a +0 helmet (worn)
Jewellery
 e - a ring of protection from fire (left hand)
 N - an amulet of regeneration (around neck)
Wands
 g - a wand of disintegration (13/24)
 n - a wand of slowing (48/48)
 x - a wand of flame (20/48)
 C - a wand of disintegration (11/24)
 D - a wand of lightning (6/15)
 J - a wand of hasting (6/9)
Scrolls
 a - 8 scrolls of remove curse
 i - a scroll of fear
 o - 3 scrolls of blinking
 r - 4 scrolls of fog
 s - 3 scrolls of recharging
 y - 4 scrolls of identify
 z - 3 scrolls of teleportation
 E - 5 scrolls of magic mapping
 L - a scroll of enchant weapon
Potions
 b - a potion of might
 f - 5 potions of curing
 m - 4 potions of flight
 q - 6 potions of agility
 t - a potion of haste
 F - 2 potions of resistance
Comestibles
 c - 6 meat rations
 w - 2 royal jellies
 A - 3 beef jerkies


   Skills:
 + Level 10.0 Fighting
 + Level 11.4(11.6) Short Blades
 + Level 1.4(4.9) Long Blades
 - Level 1.5 Armour
 * Level 12.2 Dodging
 * Level 19.6 Stealth
 - Level 6.0 Shields
 + Level 0.5 Evocations


You had 13 spell levels left.
You didn't know any spells.

Dungeon Overview and Level Annotations

Branches:
Dungeon (12/15)            Temple (0/1) D:6            Lair (6/6) D:11
 Shoals (0/4) Lair:2       Spider (0/4) Lair:4        Slime (0/5) Lair:6
    Orc: D:9-12

Altars:
Qazlal
The Shining One

Shops:
D:7 [

Annotations:
D:11 exclusions: hell knight and water nymph
Lair:1 aggelon's ghost, novice MiFi
Lair:6 1 runed door


Innate Abilities, Weirdness & Mutations

You are small and have problems with some larger weapons.
You are carnivorous and can eat meat at any time.


Message History

You miss the hornet.
The hornet is heavily wounded.
You are no longer berserk.
You pass out from exhaustion.
You feel as though you will be slow longer.
The wyvern bites you!
* * * LOW HITPOINT WARNING * * *
The hornet stings you.
* * * LOW HITPOINT WARNING * * *
You feel as though you will be slow longer.
You feel sick. The hornet stings you.
* * * LOW HITPOINT WARNING * * *
You are more poisoned.
You feel as though you will be slow longer.
The hornet stings you.
* * * LOW HITPOINT WARNING * * *
You are more poisoned.
You feel as though you will be slow longer.
The wyvern bites you!
You die...

****** ##*##### ***,,,,*****
#.##.P.###
**,,,,,,.,,,**####.......##
*,,,****P..,,##.....#.#...##
*,,***
***#.w#yy..######...###
**,,,,******#wwl@##.#
#.##.†.#
*,,,,,**,*#...w###*##
###..†## **,,,****.....*,*
##...#+*** ******,,....****
#...##*,,* **,,,,...,**
##..##*,,,, **,,,**.#,,,**
###..## *,,,,
**,,,****,*,,,***
#....###**,,, *,,***
****,,,,** ##..##.##**,,
*,,*** *,*,,,,* ##.....##***


You could see 2 tyrant leeches, 2 torpor snails, 2 hornets and a wyvern.

Vanquished Creatures
  Snorg (D:11)
  4 hydras
  A lindwurm (Lair:6)
  4 hill giants
  6 elephants (Lair:6)
  4 black mambas
  3 torpor snails
  10 spiny frogs
  A rime drake (Lair:5)
  3 komodo dragons
  2 trolls
  6 blink frogs
  4 hippogriffs
  7 hornets (Lair:6)
  Sigmund (D:5)
  2 redbacks (Lair:4)
  A spriggan (D:7)
  8 wyverns
  28 yaks
  The ghost of Nicoed the Digger, an amateur OpEE (D:3)
  11 water moccasins
  7 porcupines
  3 ice beasts
  2 sky beasts
  5 black bears
  2 phantoms
  6 orc warriors
  A hornet zombie (D:9)
  6 wolves (Lair:5)
  8 ogres
  7 centaurs
  6 crocodiles
  Blork the orc (D:5)
  7 bullfrogs
  2 gnoll sergeants
  10 scorpions
  4 wights (D:8)
  An electric eel (Lair:4)
  3 howler monkeys (D:9)
  7 crimson imps
  2 hounds
  A centaur zombie (D:6)
  2 jellies
  A bullfrog skeleton (D:7)
  10 orc priests
  16 orc wizards
  5 iguanas
  9 worker ants
  Natasha (D:3)
  A killer bee zombie (D:8)
  2 hound zombies
  A hound skeleton (D:7)
  8 mummies (Ossuary)
  10 gnolls
  24 adders
  2 howler monkey skeletons
  4 shadow imps
  2 oozes
  An adder skeleton (D:10)
  2 worms
  3 dart slugs
  6 leopard geckos
  66 orcs
  2 ball pythons
  13 bats
  2 giant cockroaches (D:2)
  11 goblins
  11 hobgoblins
  12 jackals
  10 kobolds
  7 quokkas
  A ball python skeleton (D:4)
  8 frilled lizards
  A gnoll zombie (Ossuary)
  A hobgoblin zombie (Ossuary)
  3 kobold zombies (Ossuary)
  A leopard gecko skeleton (D:5)
  3 orc zombies (Ossuary)
  6 rats
  A fungus (D:7)
468 creatures vanquished.

Vanquished Creatures (others)
  3 fungi
  23 plants (Lair:6)
26 creatures vanquished.

Grand Total: 494 creatures vanquished

Notes
Turn   | Place    | Note
-------+----------+-------------------------------------------
     0 | D:1      | Monkfish the Kobold Berserker began the quest for the Orb.
     0 | D:1      | Reached XP level 1. HP: 14/14 MP: 1/1
   126 | D:1      | Reached XP level 2. HP: 19/19 MP: 2/2
   196 | D:1      | Reached skill level 1 in Stealth
   583 | D:1      | Reached XP level 3. HP: 24/24 MP: 3/3
   998 | D:2      | Reached skill level 2 in Stealth
  1000 | D:2      | Reached ** piety under Trog
  1080 | D:2      | Reached XP level 4. HP: 21/29 MP: 4/4
  1272 | D:2      | Reached skill level 5 in Short Blades
  1274 | D:2      | Reached skill level 3 in Stealth
  1586 | D:2      | Reached XP level 5. HP: 33/33 MP: 5/5
  1786 | D:3      | Noticed Nicoed's ghost (amateur OpEE)
  1793 | D:3      | Killed Nicoed's ghost
  1793 | D:3      | Reached skill level 5 in Stealth
  1793 | D:3      | Reached XP level 6. HP: 38/38 MP: 6/6
  1935 | D:3      | You fall through a shaft for 2 floors!
  1935 | D:5      | Entered Level 5 of the Dungeon
  1975 | D:4      | Reached *** piety under Trog
  2325 | D:3      | Noticed Natasha
  2332 | D:3      | Killed Natasha
  2513 | D:4      | Reached skill level 6 in Stealth
  2513 | D:4      | Reached XP level 7. HP: 43/43 MP: 7/7
  2831 | D:4      | Reached skill level 7 in Stealth
  3386 | D:5      | Noticed Sigmund
  3399 | D:5      | Killed Sigmund
  3399 | D:5      | Reached **** piety under Trog
  3399 | D:5      | Reached skill level 8 in Stealth
  3399 | D:5      | Reached XP level 8. HP: 48/48 MP: 8/8
  3633 | D:5      | Reached skill level 5 in Fighting
  3665 | D:5      | Reached skill level 9 in Stealth
  3869 | D:5      | Noticed Blork the orc
  3876 | D:5      | Killed Blork the orc
  4129 | D:6      | Reached skill level 5 in Dodging
  4144 | D:6      | Reached skill level 10 in Stealth
  4294 | D:6      | Reached XP level 9. HP: 54/54 MP: 9/9
  4329 | D:6      | Reached skill level 11 in Stealth
  4570 | D:6      | Found a sand-covered staircase.
  4589 | D:6      | Found a staircase to the Ecumenical Temple.
  4625 | Ossuary  | Entered an ossuary
  5333 | D:7      | Noticed a hippogriff
  5347 | D:7      | Killed a hippogriff
  5347 | D:7      | Reached skill level 12 in Stealth
  5390 | D:7      | Found Keagal's Armour Boutique.
  5792 | D:7      | Reached XP level 10. HP: 60/60 MP: 10/10
  5876 | D:7      | Found a glowing golden altar of the Shining One.
  6051 | D:8      | Reached ***** piety under Trog
  6349 | D:8      | Reached skill level 13 in Stealth
  6469 | D:8      | Reached skill level 10 in Short Blades
  6505 | D:8      | Reached skill level 1 in Shields
  7382 | D:9      | Reached skill level 14 in Stealth
  7755 | D:10     | Entered Level 10 of the Dungeon
  7870 | D:10     | Reached XP level 11. HP: 18/67 MP: 11/11
  8082 | D:10     | Noticed a hill giant
  8085 | D:10     | Killed a hill giant
  8167 | D:10     | Noticed a hill giant
  8181 | D:10     | Killed a hill giant
  8517 | D:10     | Reached skill level 15 in Stealth
  8629 | D:10     | Noticed a hill giant
  8677 | D:10     | Killed a hill giant
  9048 | D:11     | Found a staircase to the Lair.
  9956 | D:11     | Noticed an eight-headed hydra
 10407 | D:11     | Killed a four-headed hydra
 10491 | D:11     | Noticed a hell knight
 10527 | D:11     | Noticed Snorg
 10550 | D:11     | Killed Snorg
 10550 | D:11     | Reached skill level 16 in Stealth
 10550 | D:11     | Reached XP level 12. HP: 75/75 MP: 12/12
 10722 | D:11     | Reached skill level 1 in Long Blades
 10990 | Lair:1   | Entered Level 1 of the Lair of Beasts
 11200 | Lair:1   | Received a gift from Trog
 11201 | Lair:1   | Got a translucent dagger {god gift}
 11202 | Lair:1   | Noticed aggelon's ghost (novice MiFi)
 11231 | Lair:1   | Identified the +3 dagger of the Hills {drain, *Drain *Slow rF+ MR++} (Trog gifted it to you on level 1 of the Lair of Beasts)
 11611 | Lair:1   | Noticed a seven-headed hydra
 11618 | Lair:1   | Killed a seven-headed hydra
 11995 | Lair:1   | Reached skill level 5 in Shields
 12026 | Lair:2   | Reached skill level 10 in Dodging
 12047 | Lair:2   | Reached skill level 17 in Stealth
 12058 | Lair:2   | Found a staircase to the Shoals.
 12403 | Lair:2   | Noticed a death yak
 12404 | Lair:2   | Noticed a death yak
 12542 | Lair:2   | Found a stormy altar of Qazlal.
 13125 | Lair:3   | Reached XP level 13. HP: 80/80 MP: 13/13
 14089 | Lair:4   | Reached skill level 18 in Stealth
 14241 | Lair:4   | Noticed a seven-headed hydra
 14246 | Lair:4   | Killed a seven-headed hydra
 14322 | Lair:4   | Found a hole to the Spider Nest.
 15627 | Lair:6   | Entered Level 6 of the Lair of Beasts
 15941 | Lair:6   | Reached skill level 19 in Stealth
 15976 | Lair:6   | Noticed a seven-headed hydra
 15980 | Lair:6   | Killed a seven-headed hydra
 16119 | Lair:6   | Found a runed door.
 16195 | Lair:6   | Reached skill level 10 in Fighting
 16216 | Lair:6   | HP: 3/82 [elephant (8)]
 16272 | Lair:6   | Reached XP level 14. HP: 58/88 MP: 14/14
 16298 | Lair:6   | HP: 2/88 [hornet (3)]
 16298 | Lair:6   | Mangled by a wyvern

Skill      XL: |  1  2  3  4  5  6  7  8  9 10 11 12 13 |
---------------+----------------------------------------+-----
Stealth        | 1 2 3 5 6 8 10 12 14 16 17 19 | 19.6
Short Blades   | 5 6 7 9 10 11 | 11.4
Dodging        | 3 4 5 6 7 9 10 12 | 12.2
Fighting       | 4 5 6 7 8 9 10 | 10.0
Shields        | 1 4 5 6 |  6.0
Long Blades    | 1 |  1.4
Armour         | |  1.5
Evocations     | |  0.5

Action                   |  1- 3 |  4- 6 |  7- 9 | 10-12 | 13-15 || total
-------------------------+-------+-------+-------+-------+-------++-------
Melee: Dagger            |    67 |   154 |   454 |   947 |   499 ||  2121
       Short sword       |     1 |       |       |       |       ||     1
       Falchion          |       |       |       |     6 |       ||     6
Invok: Berserk           |     1 |     2 |    10 |    23 |     9 ||    45
       Trog's Hand       |       |     1 |     8 |    11 |     9 ||    29
       Burn Spellbooks   |       |       |     1 |       |     2 ||     3
Evoke: Wand              |       |       |       |     1 |     2 ||     3
  Use: Scroll            |     1 |     7 |    10 |    11 |     8 ||    37
       Potion            |     2 |     2 |     4 |     1 |     3 ||    12
 Stab: Sleeping          |     5 |    11 |    21 |    37 |    19 ||    93
       Distracted        |       |       |     1 |     2 |     1 ||     4
       Invisible         |       |       |     1 |       |       ||     1
       Held in net/web   |       |       |     1 |       |       ||     1
  Eat: Chunk             |     8 |     7 |    25 |    25 |    19 ||    84
       Meat ration       |       |       |       |     3 |       ||     3
       Pizza             |       |       |       |     1 |       ||     1
Armor: Animal skin       |     6 |     6 |       |       |       ||    12
       Leather armour    |       |     4 |    33 |    87 |    78 ||   202
Dodge: Dodged            |    24 |    93 |   252 |   421 |   398 ||  1188
Block: Buckler           |       |       |       |   131 |   126 ||   257
       Rpst.: Falchion   |       |       |       |     1 |       ||     1
